 Dungeon Crawl Stone Soup version 0.26-a0-54-g15ccc7ae60 (webtiles) character file.

Game seed: 15013323803012619001

732238 xccam the Sniper (level 27, -2/222 HPs)
             Began as a Gnoll Wanderer on June 5, 2020.
             Was the Champion of Okawaru.
             Killed from afar by a Hell Sentinel (33 damage)
             ... with damnation
             ... created by a Zot trap
             ... on level 5 of the Realm of Zot on June 7, 2020.
             The game lasted 04:48:26 (96999 turns).

xccam the Sniper (Gnoll Wanderer)                  Turns: 96999, Time: 04:48:27

Health: -2/222     AC: 44    Str: 22      XL:     27
Magic:  55/55      EV: 17    Int: 18 (21) God:    Okawaru [******]
Gold:   10167      SH: 18    Dex: 16      Spells: 56/64 levels left

rFire    + + +     SeeInvis +   b - +4 hand crossbow of Wounding {vorpal, rF++ rN+ Dex-4}
rCold    + . .     Gourm    .   P - +2 kite shield {rN+}
rNeg     + + +     Faith    .   Z - +9 gold dragon scales
rPois    +         Spirit   .   G - +0 helmet of Ornamental the Leaf {Str-4 Int+5 Dex+4 SInv}
rElec    +         Reflect  .   q - +0 cloak of Mydoiwna {rN+++ MP+9 Dex-2 SInv}
rCorr    +         Harm     .   A - +2 pair of gloves of Discretion {rF++ Regen+ rCorr Int-5}
MR       +++..                  s - +1 pair of boots {run}
Stlth    ..........             I - amulet of regeneration
HPRegen  1.27/turn              S - ring of Titaos {rElec rPois rF- Str+8 Int+2}
MPRegen  0.34/turn              r - ring of protection from magic

@: sluggish, studying 2 skills, very slow
A: distributed training, fangs 2, repulsion field 1, clumsy 1, deterioration 2,
screaming 1, wild magic 2, evolution 1, strong nose
0: Orb of Zot
}: 4/15 runes: serpentine, barnacled, silver, abyssal
a: Heroism, Finesse, Renounce Religion


You were on level 5 of the Realm of Zot.
You worshipped Okawaru.
Okawaru was exalted by your worship.
You were not hungry.

You visited 10 branches of the dungeon, and saw 49 of its levels.
You visited the Abyss 2 times.
You also visited: Ice Cave, Volcano and Wizlab.

You collected 12334 gold pieces.
You spent 2167 gold pieces at shops.

Inventory:

Hand Weapons
 a - the +7 quick blade of Idealism {vorpal, +Blink Str+10 Int-2}
   (Okawaru gifted it to you on level 14 of the Dungeon)

   It inflicts extra damage upon your enemies.
   It affects your strength (+10).
   It affects your intelligence (-2).
   It lets you blink.
 b - the +4 hand crossbow of Wounding (weapon) {vorpal, rF++ rN+ Dex-4}
   (Okawaru gifted it to you on level 13 of the Dungeon)

   Any bolt fired from it inflicts extra damage.
   It affects your dexterity (-4).
   It greatly protects you from fire.
   It protects you from negative energy.
 w - a +9 sacred scourge of holy wrath
 O - a +9 demon whip of electrocution
Missiles
 D - 1587 bolts (quivered)
Armour
 h - a +2 cloak of preservation
 q - the +0 cloak of Mydoiwna (worn) {rN+++ MP+9 Dex-2 SInv}
   (You acquired it on level 5 of the Lair of Beasts)

   It affects your dexterity (-2).
   It renders you almost immune to negative energy.
   It affects your magic capacity (+9).
   It lets you see invisible.
 s - a +1 pair of boots of running (worn)
 z - a +1 pair of boots of flying
 A - the +2 pair of gloves of Discretion (worn) {rF++ Regen+ rCorr Int-5}
   (You found it on level 5 of the Vaults)

   It affects your intelligence (-5).
   It greatly protects you from fire.
   It increases your rate of regeneration.
   It provides partial protection from all sources of acid and corrosion.
 C - a +2 cloak of fire resistance
 G - the +0 helmet of Ornamental the Leaf (worn) {Str-4 Int+5 Dex+4 SInv}
   (You found it on level 5 of the Dungeon)

   It affects your strength (-4).
   It affects your intelligence (+5).
   It affects your dexterity (+4).
   It lets you see invisible.
 P - a +2 kite shield of positive energy (worn)
 Z - +9 gold dragon scales (worn)
Jewellery
 r - a ring of protection from magic (right hand)
 u - the ring "Mohuzev" {Wiz rF+}
   (You took it off a deep elf death mage on level 5 of the Vaults)

   [ring of wizardry]

   It improves your spell success rate.
   It protects you from fire.
 F - an uncursed amulet of the acrobat
 I - an amulet of regeneration (around neck)
 S - the ring of Titaos (left hand) {rElec rPois rF- Str+8 Int+2}
   (You found it in an ice cave)

   [ring of poison resistance]

   It affects your strength (+8).
   It affects your intelligence (+2).
   It makes you vulnerable to fire.
   It insulates you from electricity.
   It protects you from poison.
 W - an uncursed ring of protection from cold
Wands
 g - a wand of digging (16)
 v - a wand of iceblast (34)
 T - a wand of disintegration (45)
Scrolls
 k - 7 scrolls of teleportation
 l - 12 scrolls of fog
 m - 5 scrolls of blinking
 n - 16 scrolls of identify
 o - a scroll of amnesia
 x - 29 scrolls of remove curse
 y - 10 scrolls of immolation
 E - a scroll of fear
 U - 5 scrolls of brand weapon
 V - 6 scrolls of magic mapping
Potions
 c - 2 potions of flight
 d - 3 potions of stabbing
 e - 4 potions of cancellation
 j - 2 potions of brilliance
 B - 2 potions of might
 H - 4 potions of resistance
 K - 4 potions of mutation
 L - 3 potions of magic
 M - 14 potions of curing
 N - 2 potions of haste
 R - 3 potions of ambrosia
Books
 i - a manual of
Armour
 Q - a manual of Crossbows
Comestibles
 f - 76 rations


   Skills:
 + Level 19.4 Fighting
 + Level 19.0 Short Blades
 + Level 19.0 Long Blades
 + Level 19.0 Axes
 + Level 19.0 Maces & Flails
 + Level 19.0 Polearms
 + Level 19.1 Staves
 + Level 19.0 Slings
 + Level 19.4 Bows
 + Level 23.5 Crossbows
 + Level 19.1 Throwing
 + Level 22.8 Armour
 + Level 19.1 Dodging
 + Level 19.1 Stealth
 + Level 19.1 Shields
 + Level 19.0 Unarmed Combat
 + Level 19.0 Spellcasting
 + Level 16.4 Conjurations
 + Level 16.4 Hexes
 + Level 16.4 Charms
 + Level 16.4 Summonings
 + Level 16.4 Necromancy
 + Level 16.4 Translocations
 + Level 16.4 Transmutations
 + Level 16.4 Fire Magic
 + Level 16.4 Ice Magic
 + Level 16.4 Air Magic
 + Level 16.4 Earth Magic
 + Level 16.4 Poison Magic
 + Level 20.4 Invocations
 + Level 19.0 Evocations


You had 56 spell levels left.
You knew the following spells:

 Your Spells              Type           Power        Failure   Level  Hunger
a - Fireball              Conj/Fire      #######...   5%          5    ##.....
b - Apportation           Tloc           ######       1%          1    None
c - Swiftness             Chrm/Air       #######.     1%          2    None

Your spell library contained the following spells:

 Spells                   Type           Power        Failure   Level  Hunger
 Animate Skeleton         Necr           N/A          1%          1    None
 Beastly Appendage        Tmut           ######       1%          1    None
 Corona                   Hex            #######      1%          1    None
 Foxfire                  Conj/Fire      ####         1%          1    None
 Infusion                 Chrm           ####         1%          1    None
 Magic Dart               Conj           ####         1%          1    None
 Pain                     Necr           ####         1%          1    None
 Shock                    Conj/Air       ####         1%          1    None
 Sting                    Tmut/Pois      ####         1%          1    None
 Summon Butterflies       Summ           #######.     1%          1    None
 Summon Small Mammal      Summ           ####         1%          1    None
 Blink                    Tloc           N/A          1%          2    None
 Call Imp                 Summ           #######.     1%          2    None
 Corpse Rot               Necr/Air       N/A          1%          2    None
 Ensorcelled Hibernation  Hex/Ice        ######       1%          2    None
 Passwall                 Tmut/Erth      #######.     1%          2    None
 Poisonous Vapours        Pois/Air       ######       1%          2    None
 Searing Ray              Conj           ######       1%          2    None
 Shroud of Golubria       Chrm/Tloc      ######       1%          2    None
 Slow                     Hex            #######.     1%          2    None
 Song of Slaying          Chrm           #######.     1%          2    None
 Sticks to Snakes         Tmut           #######.     1%          2    None
 Sublimation of Blood     Necr           #######...   1%          2    None
 Call Canine Familiar     Summ           #######.     1%          3    None
 Conjure Flame            Conj/Fire      #######.     1%          3    None
 Dazzling Flash           Conj/Hex       ######       1%          3    None
 Gell's Gravitas          Tloc           #######...   1%          3    None
 Ignite Poison            Fire/Tmut/Pois #######.     1%          3    None
 Inner Flame              Hex/Fire       #######.     1%          3    None
 Lesser Beckoning         Tloc           #######...   1%          3    None
 Mephitic Cloud           Conj/Pois/Air  #######.     1%          3    None
 Ozocubu's Armour         Chrm/Ice       #######.     1%          3    None
 Portal Projectile        Hex/Tloc       ######       1%          3    None
 Spectral Weapon          Hex/Chrm       #######.     1%          3    None
 Spider Form              Tmut/Pois      #######...   1%          3    None
 Static Discharge         Conj/Air       #######.     1%          3    None
 Summon Guardian Golem    Hex/Summ       #######.     1%          3    None
 Teleport Other           Tloc           #######.     1%          3    None
 Tukima's Dance           Hex            #######.     1%          3    None
 Vampiric Draining        Necr           #######...   1%          3    None
 Airstrike                Air            #######...   2%          4    None
 Animate Dead             Necr           N/A          2%          4    None
 Cause Fear               Hex            #######...   2%          4    None
 Fulminant Prism          Conj/Hex       #######...   2%          4    None
 Ice Form                 Ice/Tmut       #######.     2%          4    None
 Iskenderun's Mystic Bla  Conj/Tloc      #######.     2%          4    None
 Leda's Liquefaction      Hex/Erth       #######...   2%          4    None
 Olgreb's Toxic Radiance  Pois           #######.     2%          4    None
 Petrify                  Tmut/Erth      #######.     2%          4    None
 Sticky Flame             Conj/Fire      #######.     2%          4    None
 Summon Ice Beast         Ice/Summ       #######.     2%          4    None
 Summon Lightning Spire   Summ/Air       #######.     2%          4    None
 Agony                    Necr           #######.     5%          5    ##.....
 Alistair's Intoxication  Tmut/Pois      #######.     5%          5    ##.....
 Blade Hands              Tmut           #######...   5%          5    ##.....
 Borgnjor's Vile Clutch   Necr/Erth      #######...   5%          5    ##.....
 Irradiate                Conj/Tmut      #######...   5%          5    ##.....
 Lee's Rapid Deconstruct  Erth           #######...   5%          5    ##.....
 Lightning Bolt           Conj/Air       #######...   5%          5    ##.....
 Silence                  Hex/Air        #######...   5%          5    ##.....
 Summon Mana Viper        Hex/Summ       #######.     5%          5    ##.....
 Yara's Violent Unravell  Hex/Tmut       #######...   5%          5    ##.....
 Darkness                 Hex            #######...   19%         6    #####..
 Eringya's Noxious Bog    Tmut/Pois      #######...   19%         6    #####..
 Freezing Cloud           Conj/Ice/Air   #######...   19%         6    #####..
 Hydra Form               Tmut           #######...   19%         6    #####..
 Invisibility             Hex            #######.     19%         6    #####..
 Shadow Creatures         Summ           N/A          19%         6    #####..
 Simulacrum               Ice/Necr       #######...   19%         6    #####..
 Statue Form              Tmut/Erth      #######..    19%         6    #####..
 Dragon Form              Tmut           #######...   61%         7    ######.
 Ring of Flames           Chrm/Fire      #######...   61%         7    ######.
 Summon Hydra             Summ           #######...   61%         7    ######.
 Chain Lightning          Conj/Air       #######...   99%         8    #######
 Discord                  Hex            #######...   99%         8    #######
 Ignition                 Fire           #######...   99%         8    #######
 Lehudib's Crystal Spear  Conj/Erth      #######...   99%         8    #######
 Absolute Zero            Ice            #######...   100%        9    #######
 Fire Storm               Conj/Fire      #######...   100%        9    #######
 Shatter                  Erth           #######...   100%        9    #######
 Tornado                  Air            #######...   100%        9    #######
 Passage of Golubria      Tloc           Unusable     N/A         4    N/A

Dungeon Overview and Level Annotations

Branches:
Dungeon (15/15)            Temple (1/1) D:6            Lair (5/6) D:9
 Shoals (4/4) Lair:2        Snake (4/4) Lair:3        Slime (0/5) Lair:5
    Orc (2/2) D:12            Elf (3/3) Orc:2        Vaults (5/5) D:13
  Crypt (0/3) Vaults:2     Depths (5/5) D:15            Zot (5/5) Depths:5
  IceCv (visited)         Volcano (visited)          WizLab (visited)

Altars:
Ashenzari
Cheibriados
Dithmenos
Elyvilon
Fedhas
Gozag
Hepliaklqana
Kikubaaqudgha
Makhleb
Nemelex Xobeh
Okawaru
Qazlal
Ru
Sif Muna
Trog
Uskayaw
Vehumet
Wu Jian
Xom
Yredelemnul
Zin
The Shining One
Beogh
Jiyva

Shops:
D:8 :}   Orc:1 (   Orc:2 }(?(:   Shoals:1 (   Shoals:4 *   Vaults:5 ?

Portals:
Hell: Depths:1 Depths:2 Depths:3 Depths:4 Depths:5
Abyss: Depths:1 Depths:4 Depths:5
Pandemonium: Depths:1 Depths:3
Ziggurat: Depths:1
Trove: Elf:3 (give 16 scrolls of teleportation)

Annotations:
D:8 2 transporters, Zanta616's ghost, novice HOFi
Vaults:4 3 runed translucent doors, Rov Woulue's ghost, adept MfTm


Innate Abilities, Weirdness & Mutations

Your experience applies equally to all skills.
You have extremely sharp teeth.
Your uncanny sense of smell can sniff out nearby items.
You are surrounded by a mild repulsion field. (EV +2)
You are clumsy. (Dex -2)
Your body often deteriorates upon taking damage.
You occasionally shout uncontrollably at your foes.
Your spells are harder to cast, but more powerful.
You evolve.


Message History

Your body is wracked with pain!
* * * LOW HITPOINT WARNING * * *
Unknown command.
The Hell Sentinel gestures at you.
The sphere of damnation explodes!
The damnation engulfs you!!
* * * LOW HITPOINT WARNING * * *
Unknown command.
You feel much better.
Unknown command.
Casting: Swiftness (safe; 1% risk of failure)
Confirm with . or Enter, or press ? or * to list all spells.
This spell is already in effect.
Unknown command.
There are monsters nearby!
Etuos calls on the powers of darkness!
Your body is wracked with pain!
* * * LOW HITPOINT WARNING * * *
The Hell Sentinel gestures at you.
The sphere of damnation explodes!
The damnation engulfs you!!
You die...

..^................▓▓.........▓▓.
...................▓▓▓^.^...^▓▓▓.
...................# ▓▓▓▓▓▓▓▓▓ #.
...............[..## ##
........^.......▓## #
.............▓▓▓▓
...^##▓▓▓▓▓▓▓▓▓▓▓#
.........3..&.3..### ##
.........4...##1@..## ##.
........3.....###...###########..
..........^....###...............
...............# ##.............#
............^..# #.............#
...............# ##...........##
...............# #..........(#
............^..# ##...........##
..............## #.............#


You could see Etuos, a Hell Sentinel, a sun demon (summoned) and a ynoxinul
(summoned).

Vanquished Creatures
  8 orbs of fire
  Mennas (Depths:3)
  6 ancient liches
  2 juggernauts
  Bai Suzhen (Vaults:5)
  Saint Roka (Orc:2)
  8 Killer Klowns
  3 caustic shrikes (Depths:4)
  Nikola (Elf:3)
  A curse toe (Zot:1)
  A bone dragon (Zot:1)
  17 golden dragons
  5 electric golems
  A Hell Sentinel (Abyss:3)
  24 tentacled monstrosities
  Rupert (Lair:4)
  2 deep elf master archers (Elf:3)
  9 quicksilver dragons
  2 titans (Depths:4)
  3 liches
  25 Orb Guardians
  10 death cobs
  3 deep elf blademasters
  4 sphinxes
  Frances (Shoals:1)
  A tentacled starspawn (Abyss:4)
  A kraken (Shoals:3)
  4 tengu reavers
  14 storm dragons
  Roxanne (D:14)
  Ilsuiw (Shoals:2)
  Donald (Snake:1)
  13 shadow dragons
  16 nagarajas
  12 draconian monks
  18 frost giants
  16 vault wardens
  6 deep elf sorcerers
  A daeva (Abyss:3)
  10 fire giants
  3 iron dragons
  An orc warlord (Elf:2)
  4 draconian scorchers
  2 balrugs
  3 ghost moths
  Louise (Elf:1)
  3 draconian knights
  An angel (Depths:3)
  3 draconian stormcallers
  4 deep elf elementalists
  29 very ugly things
  5 draconian annihilators
  A war gargoyle (Vaults:4)
  22 stone giants
  A reaper (Depths:3)
  15 ironheart preservers
  7 grey draconians (Zot:2)
  An entropy weaver (Vaults:3)
  5 vampire knights
  7 deep elf demonologists
  2 pale draconians (Depths:5)
  7 black draconians
  12 green draconians
  16 white draconians
  9 spark wasps
  12 purple draconians
  15 yellow draconians
  9 red draconians
  8 deep elf annihilators
  An orange crystal statue (WizLab)
  8 merfolk javelineers
  A crystal guardian (Vaults:4)
  15 ettins
  4 deep elf high priests
  20 yaktaur captains
  5 merfolk impalers
  6 deep elf death magi
  The ghost of Weocefet the Cleaver, a journeyman DDFi of Makhleb (Lair:3)
  6 great orbs of eyes
  15 fire dragons
  4 hydras
  Erolcha (Orc:2)
  32 vault guards
  23 ice dragons
  5 rakshasas
  11 centaur warriors
  The ghost of PIKKUHERKKO the Severer, a journeyman DsGl of Makhleb (D:13)
  11 naga warriors
  3 spriggan air magi
  4 merfolk aquamancers
  12 deep troll earth magi
  14 anacondas
  43 two-headed ogres
  6 death yaks
  3 merfolk avatars
  15 deep troll shamans
  3 death knights
  7 tengu warriors
  15 ogre magi
  23 dancing weapons
  2 thrashing horrors (Abyss:4)
  8 satyrs
  3 spriggan berserkers
  Urug (Orc:1)
  10 hell knights (Depths:4)
  21 deep elf knights
  2 orc high priests (Elf:3)
  3 wretched stars
  3 naga sharpshooters
  3 sun demons
  7 shock serpents
  Nergalle (Lair:4)
  2 shadow wraiths
  9 iron trolls
  4 salamander mystics (Snake:3)
  4 skeletal warriors (Vaults:2)
  A sixfirhy (Abyss:4)
  A death drake (shapeshifter) (Vaults:5)
  4 unseen horrors
  An unseen horror (shapeshifter) (Vaults:3)
  10 sea snakes
  11 deep elf archers
  9 wizards
  35 deep trolls
  12 naga ritualists
  A glowing orange brain (shapeshifter) (Vaults:5)
  3 flayed ghosts
  18 orc knights
  11 starcursed masses
  8 glowing orange brains
  3 phantasmal warriors
  A lindwurm (shapeshifter) (Depths:4)
  A wolf spider zombie (D:8)
  A harpy (shapeshifter) (Vaults:3)
  7 necromancers
  18 harpies
  An orb spider (shapeshifter) (Vaults:1)
  2 fauns (shapeshifter)
  17 mana vipers
  13 ironbrand convokers
  A mana viper (shapeshifter) (Depths:2)
  74 deep elf magi
  45 ugly things
  8 salamanders
  14 orc sorcerers
  4 oklob plants
  9 cyclopes
  11 manticores
  16 fauns
  22 moths of wrath
  4 wolf spiders
  A fire giant skeleton (Vaults:5)
  6 draconians
  8 merfolk sirens
  7 elephants
  A water nymph (Shoals:1)
  38 black mambas
  17 vault sentinels
  An ice statue (IceCv)
  21 naga magi
  3 smoke demons
  3 guardian serpents
  An orange demon (Depths:3)
  2 gargoyles
  A spiny frog (shapeshifter) (D:14)
  Maggie (Lair:1)
  9 spiny frogs
  3 rime drakes
  A catoblepas zombie (Abyss:3)
  A yaktaur (shapeshifter) (Vaults:5)
  2 elf zombies (Vaults:5)
  5 komodo dragons
  64 yaktaurs
  2 hellwings (D:8)
  3 ancient zymes (Abyss:4)
  3 freezing wraiths
  A demonic crawler (Abyss:3)
  2 guardian mummies
  3 red devils
  2 efreet
  A yaktaur skeleton (Vaults:4)
  A queen bee (shapeshifter) (Depths:4)
  3 tengu conjurers
  A troll (shapeshifter) (D:14)
  9 trolls
  30 merfolk
  2 hornets (shapeshifter)
  16 polar bears
  11 wind drakes
  Grinder (D:3)
  9 hippogriffs
  A slime creature (shapeshifter) (Vaults:4)
  4 hornets
  6 snapping turtles
  6 raiju (Abyss:4)
  A frost giant simulacrum (Abyss:3)
  4 blink frogs (Lair:2)
  35 slime creatures
  2 snapping turtles (shapeshifter)
  6 dream sheep (Shoals:1)
  6 air elementals
  3 centaur simulacra (D:15)
  2 spriggans (Depths:5)
  A tarantella (shapeshifter) (Depths:5)
  16 flying skulls (D:15)
  A shadow (D:14)
  4 redbacks (Vaults:3)
  3 wyverns
  18 water elementals
  3 ynoxinuls (Abyss:4)
  3 fire elementals
  A wyvern (shapeshifter) (Vaults:5)
  68 yaks
  3 wraiths
  Eustachio (D:6)
  2 basilisks (Lair:1)
  A hog (shapeshifter) (Vaults:5)
  2 chaos spawn
  4 hungry ghosts
  3 neqoxecs
  A human simulacrum (Vaults:4)
  11 vampire mosquitoes
  4 steam dragons
  An elf skeleton (Vaults:5)
  2 wargs
  Edmund (D:5)
  Duvessa (D:5)
  5 large abominations
  7 acid dragons
  A hell hound (Volcano)
  60 nagas
  18 water moccasins
  4 sky beasts
  8 porcupines
  4 ice beasts
  54 orc warriors
  3 eyes of draining
  A deep troll simulacrum (Depths:1)
  30 ogres
  2 phantoms
  A black bear (D:11)
  A human zombie (Vaults:4)
  31 wolves
  2 boggarts
  20 centaurs
  12 crocodiles
  2 yaktaur zombies
  4 big kobolds
  19 bullfrogs
  A gnoll sergeant (D:10)
  A wyvern zombie (D:8)
  Dowan (D:5)
  A wyvern skeleton (D:15)
  5 scorpions
  6 small abominations
  4 killer bees (D:8)
  A manticore simulacrum (Abyss:4)
  9 wights
  2 howler monkeys
  3 electric eels
  3 crimson imps
  A bullfrog zombie (D:7)
  6 hounds
  8 jellies
  A quasit (D:10)
  8 centaur zombies
  22 orc priests
  4 iron imps
  48 orc wizards
  4 bullfrog skeletons
  5 centaur skeletons
  2 iguanas
  Jessica (D:2)
  10 worker ants
  6 hell rats (Lair:1)
  A tengu simulacrum (Depths:1)
  A hound skeleton (D:4)
  A worker ant zombie (D:10)
  31 adders
  12 gnolls
  3 river rats (Lair:1)
  A river rat (shapeshifter) (Abyss:3)
  13 shadow imps
  4 white imps
  4 ufetubi
  2 oozes
  3 adder skeletons
  4 worms
  5 dart slugs
  6 leopard geckos
  93 orcs
  9 ball pythons
  7 bats
  6 giant cockroaches
  9 goblins
  9 hobgoblins
  24 jackals
  2 quokkas
  6 frilled lizards
  20 kobolds
  A leopard gecko skeleton (D:5)
  10 rats
  A bush (Lair:1)
  4 crawling corpses
  4 plants
  A starspawn tentacle (Abyss:4)
  3 tentacles (Shoals:3)
2540 creatures vanquished.

Vanquished Creatures (collateral kills)
  An ice beast (D:9)
1 creature vanquished.

Vanquished Creatures (others)
  A shadow dragon (Zot:4)
  A draconian monk (Zot:2)
  An ironheart preserver (Vaults:1)
  A draconian annihilator (Depths:5)
  A spriggan air mage (Depths:5)
  A merfolk aquamancer (Shoals:4)
  A vault sentinel (Vaults:5)
  2 water elementals (Depths:5)
  A yak (IceCv)
  2 ogres
  A scorpion (shapeshifter) (Vaults:2)
  24 fungi
  55 plants
  2 starspawn tentacles (Abyss:4)
  24 tentacles
118 creatures vanquished.

Grand Total: 2659 creatures vanquished

Notes
Turn   | Place    | Note
-------+----------+-------------------------------------------
     0 | D:1      | xccam the Gnoll Wanderer began the quest for the Orb.
     0 | D:1      | xccam set off with the following items: a +0 shortbow, a
                  | scroll of teleportation, a +2 scale mail, 27 arrows, a
                  | ration
     0 | D:1      | Reached XP level 1. HP: 20/20 MP: 1/1
   252 | D:1      | Reached XP level 2. HP: 26/26 MP: 2/2
   660 | D:2      | HP: 1/26 [poisoned by an adder]
   781 | D:2      | Reached XP level 3. HP: 12/31 MP: 3/3
  1288 | D:2      | Reached skill level 1 in Short Blades
  1288 | D:2      | Reached skill level 1 in Long Blades
  1288 | D:2      | Reached skill level 1 in Axes
  1288 | D:2      | Reached skill level 1 in Maces & Flails
  1288 | D:2      | Reached skill level 1 in Polearms
  1288 | D:2      | Reached skill level 1 in Slings
  1288 | D:2      | Reached skill level 1 in Crossbows
  1288 | D:2      | Reached skill level 1 in Unarmed Combat
  1288 | D:2      | Reached skill level 1 in Spellcasting
  1288 | D:2      | Reached skill level 1 in Invocations
  1288 | D:2      | Reached skill level 1 in Evocations
  1288 | D:2      | Reached XP level 4. HP: 38/38 MP: 5/5
  1494 | D:2      | Reached skill level 1 in Conjurations
  1494 | D:2      | Reached skill level 1 in Hexes
  1494 | D:2      | Reached skill level 1 in Charms
  1494 | D:2      | Reached skill level 1 in Summonings
  1494 | D:2      | Reached skill level 1 in Necromancy
  1494 | D:2      | Reached skill level 1 in Translocations
  1494 | D:2      | Reached skill level 1 in Transmutations
  1494 | D:2      | Reached skill level 1 in Fire Magic
  1494 | D:2      | Reached skill level 1 in Ice Magic
  1494 | D:2      | Reached skill level 1 in Air Magic
  1494 | D:2      | Reached skill level 1 in Earth Magic
  1494 | D:2      | Reached skill level 1 in Poison Magic
  1612 | D:2      | Noticed Jessica
  1625 | D:2      | Killed Jessica
  1625 | D:2      | Reached XP level 5. HP: 41/43 MP: 5/7
  1729 | D:2      | Noticed Sigmund
  1732 | D:2      | Noticed Sigmund
  1732 | D:2      | Sigmund changed into Sigmund the boggart
  1740 | D:2      | Killed Sigmund the boggart
  1832 | D:2      | Found a sacrificial altar of Ru.
  1838 | D:2      | Reached XP level 6. HP: 49/50 MP: 8/8
  1988 | D:3      | Noticed Grinder
  2288 | D:3      | Paralysed by Grinder for 2 turns
  2298 | D:3      | Paralysed by Grinder for 2 turns
  2301 | D:3      | Killed Grinder
  2301 | D:3      | Reached skill level 5 in Fighting
  2301 | D:3      | Reached skill level 5 in Bows
  2301 | D:3      | Reached skill level 2 in Crossbows
  2301 | D:3      | Reached XP level 7. HP: 42/56 MP: 8/10
  2786 | D:3      | Found a white marble altar of Elyvilon.
  3316 | D:2      | Found a basalt altar of Yredelemnul.
  3699 | D:4      | Found a hazy altar of Hepliaklqana.
  4303 | D:5      | Entered Level 5 of the Dungeon
  4332 | D:5      | Reached XP level 8. HP: 52/63 MP: 12/12
  4430 | D:5      | Found a shattered altar of Ashenzari.
  4471 | D:5      | Noticed Prince Ribbit
  4495 | D:5      | Noticed Prince Ribbit
  4495 | D:5      | Prince Ribbit changed into Prince Ribbit the yak
  4508 | D:5      | Killed Prince Ribbit the yak
  4508 | D:5      | Reached skill level 3 in Crossbows
  4887 | D:5      | Noticed Dowan
  4887 | D:5      | Noticed Duvessa
  5265 | D:5      | Found a basalt altar of Yredelemnul.
  5270 | D:5      | Got a dazzling helmet
  5303 | D:5      | Identified the cursed +0 helmet of Ornamental the Leaf
                  | {Str-4 Int+5 Dex+4 SInv} (You found it on level 5 of the
                  | Dungeon)
  5378 | D:5      | Found a stormy altar of Qazlal.
  5378 | D:5      | Found a hide-covered altar of Uskayaw.
  5442 | D:5      | Noticed Edmund
  5473 | D:5      | Killed Edmund
  5839 | D:5      | Killed Duvessa
  5865 | D:5      | Killed Dowan
  6146 | D:6      | Noticed Eustachio
  6165 | D:6      | Killed Eustachio
  6165 | D:6      | Reached XP level 9. HP: 67/69 MP: 14/14
  6403 | D:6      | Found a blossoming altar of Fedhas.
  6460 | D:6      | Found a staircase to the Ecumenical Temple.
  6469 | Temple   | Entered the Ecumenical Temple
  6795 | D:6      | Reached skill level 4 in Crossbows
  6843 | D:6      | Found an ornate altar of the Wu Jian Council.
  7097 | D:6      | Identified Caukles's Volume of Sinister Good Luck
  7585 | D:7      | Reached skill level 5 in Staves
  7585 | D:7      | Reached skill level 5 in Throwing
  7585 | D:7      | Reached skill level 5 in Armour
  7585 | D:7      | Reached skill level 5 in Dodging
  7585 | D:7      | Reached skill level 5 in Shields
  7806 | D:7      | Reached skill level 5 in Stealth
  8010 | D:7      | Found a shadowy altar of Dithmenos.
  8292 | D:7      | Found a shimmering blue altar of Sif Muna.
  8305 | D:7      | Reached skill level 5 in Invocations
  8459 | D:8      | Found Mepnyodgh's Gadget Boutique.
  8531 | D:8      | Reached XP level 10. HP: 77/77 MP: 15/17
  8556 | D:8      | HP: 2/77 [wolf spider zombie (7)]
  8561 | D:8      | Reached skill level 5 in Short Blades
  8561 | D:8      | Reached skill level 5 in Long Blades
  8561 | D:8      | Reached skill level 5 in Axes
  8561 | D:8      | Reached skill level 5 in Maces & Flails
  8561 | D:8      | Reached skill level 5 in Polearms
  8561 | D:8      | Reached skill level 5 in Slings
  8561 | D:8      | Reached skill level 5 in Crossbows
  8561 | D:8      | Reached skill level 5 in Unarmed Combat
  8561 | D:8      | Reached skill level 5 in Spellcasting
  8561 | D:8      | Reached skill level 5 in Evocations
  9677 | D:8      | Found a snail-covered altar of Cheibriados.
  9930 | D:8      | Found Leziopp's Book Shoppe.
 10009 | D:8      | Found a sparkling altar of Nemelex Xobeh.
 10010 | D:8      | Found an iron altar of Okawaru.
 10015 | D:8      | Became a worshipper of Warmaster Okawaru
 10156 | D:8      | Noticed Zanta616's ghost (novice HOFi)
 10174 | D:8      | Found a transporter.
 10179 | D:8      | Found a transporter.
 10707 | D:9      | Reached * piety under Okawaru
 11018 | D:9      | Found a staircase to the Lair.
 11416 | D:10     | Entered Level 10 of the Dungeon
 11765 | D:10     | Reached XP level 11. HP: 84/84 MP: 19/19
 12517 | D:10     | Reached ** piety under Okawaru
 13093 | D:11     | Found a frozen archway.
 13132 | IceCv    | Entered an ice cave
 13190 | IceCv    | Reached skill level 6 in Crossbows
 13431 | IceCv    | Reached *** piety under Okawaru
 13431 | IceCv    | Reached skill level 5 in Conjurations
 13431 | IceCv    | Reached skill level 5 in Hexes
 13431 | IceCv    | Reached skill level 5 in Charms
 13431 | IceCv    | Reached skill level 5 in Summonings
 13431 | IceCv    | Reached skill level 5 in Necromancy
 13431 | IceCv    | Reached skill level 5 in Translocations
 13431 | IceCv    | Reached skill level 5 in Transmutations
 13431 | IceCv    | Reached skill level 5 in Fire Magic
 13431 | IceCv    | Reached skill level 5 in Ice Magic
 13431 | IceCv    | Reached skill level 5 in Air Magic
 13431 | IceCv    | Reached skill level 5 in Earth Magic
 13431 | IceCv    | Reached skill level 5 in Poison Magic
 13437 | IceCv    | Got a slimy glass ring
 13439 | IceCv    | Identified the ring of Titaos {rElec rPois rF- Str+8 Int+2}
                  | (You found it in an ice cave)
 13961 | IceCv    | Received a gift from Okawaru
 14004 | IceCv    | Reached **** piety under Okawaru
 14440 | IceCv    | Noticed a death yak
 14448 | IceCv    | Noticed a death yak
 14461 | IceCv    | Killed a death yak
 14461 | IceCv    | Reached ***** piety under Okawaru
 14467 | IceCv    | Killed a death yak
 14467 | IceCv    | Reached XP level 12. HP: 69/93 MP: 20/22
 14492 | IceCv    | Received a gift from Okawaru
 14502 | IceCv    | HP: 5/141 [polar bear (18)]
 14962 | IceCv    | Noticed a death yak
 14962 | IceCv    | Noticed a frost giant
 14982 | IceCv    | Killed a death yak
 14982 | IceCv    | Reached skill level 7 in Crossbows
 15007 | IceCv    | Killed a frost giant
 16061 | D:12     | Noticed a two-headed ogre
 16081 | D:12     | Killed a two-headed ogre
 16533 | D:12     | Noticed a two-headed ogre
 16553 | D:12     | Killed a two-headed ogre
 16553 | D:12     | Received a gift from Okawaru
 17013 | D:12     | Found a staircase to the Orcish Mines.
 17516 | D:12     | Reached XP level 13. HP: 88/101 MP: 24/24
 17536 | D:12     | Received a gift from Okawaru
 17892 | D:12     | Received a gift from Okawaru
 17893 | D:12     | Got a masterwork quick blade {god gift}
 17944 | D:12     | Identified the +3 quick blade of Dust {freeze, rElec rN++
                  | Str+2 Int-5} (Okawaru gifted it to you on level 12 of the
                  | Dungeon)
 18338 | D:12     | Reached skill level 8 in Crossbows
 19233 | D:13     | Reached ****** piety under Okawaru
 19233 | D:13     | Received a gift from Okawaru
 19234 | D:13     | Got a twisted hand crossbow {god gift}
 19235 | D:13     | Identified the +4 hand crossbow of Wounding {vorpal, rF++
                  | rN+ Dex-4} (Okawaru gifted it to you on level 13 of the
                  | Dungeon)
 19245 | D:13     | Found a gate to the Vaults.
 19321 | D:13     | Noticed a yaktaur captain
 19371 | D:13     | Killed a yaktaur captain
 19813 | D:13     | Found a shattered altar of Ashenzari.
 20594 | D:13     | Found a runed translucent gate.
 20594 | D:13     | Identified the +3 plate armour of the Wilderness {Dex+4}
 20595 | D:13     | Found a runed translucent gate.
 20596 | D:13     | Found a runed translucent gate.
 20597 | D:13     | Found a roughly hewn altar of Beogh.
 20599 | D:13     | Noticed PIKKUHERKKO's ghost (journeyman DsGl)
 20688 | D:13     | Killed PIKKUHERKKO's ghost
 20707 | D:13     | Received a gift from Okawaru
 21287 | D:14     | Identified Roxanne's Tome of Transformation
 21287 | D:14     | Noticed Roxanne
 21365 | D:14     | HP: 4/101 [Roxanne/bolt of magma (31)]
 21376 | D:14     | Killed Roxanne
 21733 | D:14     | Received a gift from Okawaru
 22172 | D:14     | Reached XP level 14. HP: 55/109 MP: 26/26
 23102 | D:14     | Reached skill level 10 in Fighting
 23102 | D:14     | Reached skill level 10 in Bows
 23920 | D:14     | Received a gift from Okawaru
 23923 | D:14     | Got an ichor-stained quick blade {god gift}
 23924 | D:14     | Identified the +7 quick blade of Idealism {vorpal, +Blink
                  | Str+10 Int-2} (Okawaru gifted it to you on level 14 of the
                  | Dungeon)
 24017 | D:15     | Entered Level 15 of the Dungeon
 24043 | D:14     | Reached skill level 9 in Crossbows
 24900 | D:15     | Found the +3 giant club "Skullcrusher" {speed, Str+7}
 25077 | D:15     | Received a gift from Okawaru
 25228 | D:15     | Reached skill level 10 in Invocations
 25262 | D:15     | Found a staircase to the Depths.
 25667 | D:15     | Received a gift from Okawaru
 26079 | D:15     | Received a gift from Okawaru
 26204 | D:15     | Identified 2 scrolls of acquirement
 26466 | D:15     | Received a gift from Okawaru
 26797 | D:15     | Received a gift from Okawaru
 27133 | Lair:1   | Entered Level 1 of the Lair of Beasts
 27299 | Lair:1   | Noticed Maggie
 27311 | Lair:1   | Killed Maggie
 27372 | Lair:1   | Received a gift from Okawaru
 27606 | Lair:1   | Reached XP level 15. HP: 102/117 MP: 28/28
 27790 | Lair:1   | Received a gift from Okawaru
 28734 | Lair:2   | Reached skill level 10 in Staves
 28734 | Lair:2   | Reached skill level 10 in Throwing
 28734 | Lair:2   | Reached skill level 10 in Armour
 28734 | Lair:2   | Reached skill level 10 in Dodging
 28734 | Lair:2   | Reached skill level 10 in Shields
 28894 | Lair:2   | Found a staircase to the Shoals.
 28989 | Lair:2   | Found a dark tunnel.
 28996 | Lair:2   | Reached skill level 10 in Stealth
 29006 | Volcano  | Entered a volcano
 31385 | Lair:3   | Found a staircase to the Snake Pit.
 31515 | Lair:3   | Got a fine kite shield
 31526 | Lair:3   | Identified the +1 kite shield of Imeadghu {+Blink rElec rF-
                  | rN+++} (You found it on level 3 of the Lair of Beasts)
 31936 | Lair:3   | Found a runed translucent gate.
 31936 | Lair:3   | Found a runed translucent gate.
 31936 | Lair:3   | Found a runed translucent gate.
 31938 | Lair:3   | Found a viscous altar of Jiyva.
 31938 | Lair:3   | Noticed Weocefet's ghost (journeyman DDFi)
 32009 | Lair:3   | Killed Weocefet's ghost
 32009 | Lair:3   | Received a gift from Okawaru
 32576 | Lair:4   | Noticed Nergalle
 32596 | Lair:4   | Killed Nergalle
 32768 | Lair:4   | Received a gift from Okawaru
 32833 | Lair:4   | Noticed Rupert
 32865 | Lair:4   | Killed Rupert
 33205 | Lair:4   | Reached skill level 10 in Short Blades
 33205 | Lair:4   | Reached skill level 10 in Long Blades
 33205 | Lair:4   | Reached skill level 10 in Axes
 33205 | Lair:4   | Reached skill level 10 in Maces & Flails
 33205 | Lair:4   | Reached skill level 10 in Polearms
 33205 | Lair:4   | Reached skill level 10 in Slings
 33205 | Lair:4   | Reached skill level 10 in Crossbows
 33205 | Lair:4   | Reached skill level 10 in Unarmed Combat
 33205 | Lair:4   | Reached skill level 10 in Spellcasting
 33205 | Lair:4   | Reached skill level 10 in Evocations
 33667 | Lair:5   | Got the +0 cloak of Mydoiwna {rN+++ MP+9 Dex-2 SInv}
 34183 | Lair:5   | Received a gift from Okawaru
 35419 | Lair:5   | Found a staircase to the Slime Pits.
 35697 | Orc:1    | Entered Level 1 of the Orcish Mines
 35823 | Orc:1    | Noticed Urug
 35847 | Orc:1    | Killed Urug
 35979 | Orc:1    | Found a roughly hewn altar of Beogh.
 36099 | Orc:1    | Found Liv Qesu's Antique Weapon Shoppe.
 36310 | Orc:2    | Entered Level 2 of the Orcish Mines
 36310 | Orc:2    | Noticed Saint Roka
 37430 | Orc:2    | Killed Saint Roka
 37430 | Orc:2    | Reached XP level 16. HP: 52/125 MP: 25/30
 37511 | Orc:2    | Found Ridites's Book Shop.
 37685 | Orc:2    | Found a staircase to the Elven Halls.
 37897 | Orc:2    | Noticed Erolcha
 37916 | Orc:2    | Killed Erolcha
 38592 | Orc:2    | Paralysed by an orc sorcerer for 3 turns
 38599 | Orc:2    | Paralysed by an orc sorcerer for 6 turns
 38748 | Orc:2    | Found Lown's Magic Scroll Boutique.
 38776 | Orc:2    | Bought a scroll of teleportation for 48 gold pieces
 38776 | Orc:2    | Bought a scroll of teleportation for 48 gold pieces
 38776 | Orc:2    | Bought a scroll of brand weapon for 320 gold pieces
 38776 | Orc:2    | Bought a scroll of identify for 32 gold pieces
 38793 | Orc:2    | Found an ancient bone altar of Kikubaaqudgha.
 38819 | Orc:2    | Received a gift from Okawaru
 38962 | Orc:2    | Found a radiant altar of Vehumet.
 38995 | Orc:2    | Found a roughly hewn altar of Beogh.
 38995 | Orc:2    | Found Fikoxk Xiubb's Gadget Boutique.
 39039 | Orc:2    | Found Ygunar's Antique Weapon Shop.
 39177 | Orc:2    | Found Veaw's Antique Weapon Shop.
 39552 | Snake:1  | Entered Level 1 of the Snake Pit
 39781 | Snake:1  | Received a gift from Okawaru
 40918 | Snake:1  | Noticed Donald
 40963 | Snake:1  | Killed Donald
 40963 | Snake:1  | Received a gift from Okawaru
 41512 | Snake:2  | Received a gift from Okawaru
 41752 | Snake:2  | Noticed a nagaraja
 41805 | Snake:2  | Killed a nagaraja
 42445 | Snake:2  | Received a gift from Okawaru
 42568 | Snake:3  | Noticed a nagaraja
 42569 | Snake:3  | Noticed a nagaraja
 42593 | Snake:3  | Reached skill level 11 in Crossbows
 42616 | Snake:3  | Noticed a nagaraja
 42966 | Snake:3  | Killed a nagaraja
 42966 | Snake:3  | Reached XP level 17. HP: 87/133 MP: 32/32
 43615 | Snake:3  | Found a radiant altar of Vehumet.
 43619 | Snake:3  | Found a transporter.
 43879 | Snake:3  | Received a gift from Okawaru
 45130 | Snake:3  | Received a gift from Okawaru
 45134 | Snake:3  | Got a jewelled cloak {god gift}
 45145 | Snake:3  | Identified the +0 cloak of Impatience {Str+4 Dex+3}
                  | (Okawaru gifted it to you on level 3 of the Snake Pit)
 45839 | Snake:3  | Found a transporter.
 45875 | Snake:4  | Entered Level 4 of the Snake Pit
 46843 | Snake:4  | Reached skill level 10 in Conjurations
 46843 | Snake:4  | Reached skill level 10 in Hexes
 46843 | Snake:4  | Reached skill level 10 in Charms
 46843 | Snake:4  | Reached skill level 10 in Summonings
 46843 | Snake:4  | Reached skill level 10 in Necromancy
 46843 | Snake:4  | Reached skill level 10 in Translocations
 46843 | Snake:4  | Reached skill level 10 in Transmutations
 46843 | Snake:4  | Reached skill level 10 in Fire Magic
 46843 | Snake:4  | Reached skill level 10 in Ice Magic
 46843 | Snake:4  | Reached skill level 10 in Air Magic
 46843 | Snake:4  | Reached skill level 10 in Earth Magic
 46843 | Snake:4  | Reached skill level 10 in Poison Magic
 47078 | Snake:4  | Reached XP level 18. HP: 125/141 MP: 33/33
 47416 | Snake:4  | Reached skill level 12 in Crossbows
 47839 | Snake:4  | Received a gift from Okawaru
 48406 | Snake:4  | Got a serpentine rune of Zot
 48622 | Shoals:1 | Entered Level 1 of the Shoals
 48750 | Shoals:1 | Noticed Frances
 48778 | Shoals:1 | Killed Frances
 49059 | Shoals:1 | Found Udigioxi's Antique Weapon Shop.
 49569 | Shoals:2 | Noticed Ilsuiw
 49693 | Shoals:2 | Killed Ilsuiw
 50227 | Shoals:2 | Received a gift from Okawaru
 50835 | Shoals:3 | Reached skill level 13 in Crossbows
 51438 | Shoals:3 | Reached XP level 19. HP: 149/149 MP: 35/35
 51915 | Shoals:4 | Entered Level 4 of the Shoals
 52262 | Shoals:4 | Found Utagueb's Assorted Antiques.
 52305 | Shoals:4 | Bought a flickering golden ring for 190 gold pieces
 52321 | Shoals:4 | Identified the ring "Coysoypec" {Int+4 SInv Stlth+} (You
                  | bought it in a shop on level 4 of the Shoals)
 52647 | Shoals:4 | Received a gift from Okawaru
 52650 | Shoals:4 | Identified the +2 pair of boots of Quugan {Int+4} (Okawaru
                  | gifted it to you on level 4 of the Shoals)
 53021 | Shoals:4 | Got a barnacled rune of Zot
 53594 | Depths:1 | Entered Level 1 of the Depths
 53599 | Depths:1 | Found a one-way gate to the infinite horrors of the Abyss.
 54041 | Depths:1 | Found a gateway to a ziggurat.
 54158 | Depths:1 | Found a one-way gate leading to the halls of Pandemonium.
 54398 | D:15     | Learned a level 5 spell: Fireball
 54534 | Depths:1 | Learned a level 1 spell: Apportation
 54537 | Depths:1 | Learned a level 2 spell: Swiftness
 54847 | Depths:1 | Reached skill level 14 in Crossbows
 54858 | Depths:1 | Received a gift from Okawaru
 55174 | Depths:1 | Found a gateway to Hell.
 55335 | Depths:1 | Received a gift from Okawaru
 55968 | Depths:1 | Reached XP level 20. HP: 131/157 MP: 36/36
 56154 | Depths:2 | Received a gift from Okawaru
 56373 | Depths:1 | Received a gift from Okawaru
 56471 | Depths:2 | Received a gift from Okawaru
 56957 | Depths:2 | Received a gift from Okawaru
 57871 | Depths:2 | Noticed a golden dragon
 57900 | Depths:2 | Killed a golden dragon
 57997 | Depths:2 | Received a gift from Okawaru
 58017 | Depths:2 | Reached skill level 15 in Crossbows
 58033 | Depths:2 | Received a gift from Okawaru
 58182 | Depths:2 | Found the +3 warlock's mirror {reflect}
 58188 | Depths:2 | Got the +3 warlock's mirror {reflect}
 58550 | Depths:3 | Found a magical portal.
 58608 | WizLab   | Entered Wucad Mu's Monastery
 59050 | WizLab   | Found the +9 staff of Wucad Mu {channel}
 59520 | Depths:3 | Reached XP level 21. HP: 146/165 MP: 38/38
 59546 | Depths:3 | Received a gift from Okawaru
 59817 | Depths:3 | Found a glowing golden altar of the Shining One.
 59870 | Depths:3 | Noticed Mennas
 59957 | Depths:3 | Killed Mennas
 60255 | Depths:3 | Gained mutation: Your magical capacity is low. (-10% MP) [a
                  | neqoxec]
 61114 | Vaults:1 | Entered Level 1 of the Vaults
 61664 | Vaults:1 | Paralysed by a sphinx for 5 turns
 62249 | Vaults:1 | Received a gift from Okawaru
 62299 | Vaults:1 | Identified the +0 cloak of Too Many Cooks {Str+3} (Okawaru
                  | gifted it to you on level 1 of the Vaults)
 62392 | Vaults:1 | Reached skill level 15 in Invocations
 63630 | Vaults:2 | Reached skill level 16 in Crossbows
 64452 | Vaults:2 | Reached skill level 15 in Armour
 64452 | Vaults:2 | Reached XP level 22. HP: 173/173 MP: 36/36
 64913 | Vaults:2 | Reached XP level 23. HP: 179/179 MP: 37/37
 65433 | Vaults:2 | Received a gift from Okawaru
 65517 | Vaults:2 | Found a staircase to the Crypt.
 65517 | Vaults:2 | Found a basalt altar of Yredelemnul.
 65518 | Vaults:2 | Found an ancient bone altar of Kikubaaqudgha.
 66147 | Vaults:3 | Reached skill level 15 in Fighting
 66147 | Vaults:3 | Reached skill level 15 in Bows
 67843 | Vaults:4 | Reached skill level 17 in Crossbows
 68396 | Vaults:4 | Received a gift from Okawaru
 69510 | Vaults:4 | Reached skill level 15 in Staves
 69510 | Vaults:4 | Reached skill level 15 in Throwing
 69510 | Vaults:4 | Reached skill level 15 in Dodging
 69510 | Vaults:4 | Reached skill level 15 in Shields
 69536 | Vaults:4 | Reached XP level 24. HP: 115/189 MP: 37/37
 69648 | Vaults:4 | Reached skill level 15 in Stealth
 69940 | Vaults:4 | Found a runed translucent gate.
 69940 | Vaults:4 | Found a runed translucent gate.
 69940 | Vaults:4 | Found a runed translucent gate.
 70211 | Vaults:4 | Found a runed translucent gate.
 70211 | Vaults:4 | Found a runed translucent gate.
 70217 | Vaults:4 | Found a runed translucent gate.
 70217 | Vaults:4 | Noticed Rov Woulue's ghost (adept MfTm)
 70477 | Vaults:5 | Entered Level 5 of the Vaults
 70497 | Vaults:5 | Received a gift from Okawaru
 70497 | Vaults:5 | Reached skill level 15 in Short Blades
 70497 | Vaults:5 | Reached skill level 15 in Long Blades
 70497 | Vaults:5 | Reached skill level 15 in Axes
 70497 | Vaults:5 | Reached skill level 15 in Maces & Flails
 70497 | Vaults:5 | Reached skill level 15 in Polearms
 70497 | Vaults:5 | Reached skill level 15 in Slings
 70497 | Vaults:5 | Reached skill level 15 in Unarmed Combat
 70497 | Vaults:5 | Reached skill level 15 in Spellcasting
 70497 | Vaults:5 | Reached skill level 15 in Evocations
 70796 | Vaults:4 | Got a faintly glowing plate armour {god gift}
 70807 | Vaults:4 | Identified the +10 plate armour "Himpimank" {rC+ Dex+3
                  | Stlth+} (Okawaru gifted it to you on level 4 of the Vaults)
 71362 | Vaults:5 | Noticed an ancient lich
 71397 | Vaults:4 | Received a gift from Okawaru
 71509 | Vaults:4 | HP: 9/190 [yaktaur captain/bolt (17)]
 72103 | Vaults:5 | Received a gift from Okawaru
 72219 | Vaults:5 | Reached skill level 18 in Crossbows
 72411 | Vaults:5 | Noticed Bai Suzhen
 72555 | Vaults:5 | Noticed a caustic shrike
 72555 | Vaults:5 | a frost giant changed into a caustic shrike
 72564 | Vaults:5 | Killed Bai Suzhen
 72573 | Vaults:5 | a caustic shrike changed into an iron giant
 72903 | Vaults:5 | Received a gift from Okawaru
 73123 | Vaults:5 | Reached XP level 25. HP: 172/197 MP: 38/38
 73123 | Vaults:5 | Noticed an ancient lich
 73139 | Vaults:5 | Identified the ring "Mohuzev" {Wiz rF+}
 73186 | Vaults:5 | Killed an ancient lich
 73216 | Vaults:5 | Identified the ring "Zextorr" {rPois Str+2 Int+3 Dex-4
                  | Stlth-}
 73820 | Vaults:5 | Identified the cursed +0 hand crossbow "Fycwolyi" {venom,
                  | rC++ Str+5}
 74185 | Vaults:5 | Received a gift from Okawaru
 74781 | Vaults:5 | Got a silver rune of Zot
 74946 | Vaults:5 | Identified the +2 pair of gloves of Discretion {rF++ Regen+
                  | rCorr Int-5} (You found it on level 5 of the Vaults)
 75000 | Vaults:5 | Found Naott's Magic Scroll Emporium.
 75023 | Vaults:5 | Bought a scroll of enchant weapon for 142 gold pieces
 75023 | Vaults:5 | Bought 2 scrolls of enchant armour for 285 gold pieces
 75023 | Vaults:5 | Bought 2 scrolls of identify for 76 gold pieces
 75023 | Vaults:5 | Bought a scroll of identify for 38 gold pieces
 75024 | Vaults:5 | Bought a scroll of acquirement for 988 gold pieces
 75257 | Vaults:4 | Killed an ancient lich
 75478 | Elf:1    | Entered Level 1 of the Elven Halls
 75727 | Elf:1    | You fall into a shaft and drop 1 floor!
 75785 | Elf:2    | Found a huge runed translucent gate.
 75785 | Elf:2    | Found a huge runed translucent gate.
 75785 | Elf:2    | Found a huge runed translucent gate.
 75786 | Elf:2    | Found a huge runed translucent gate.
 75787 | Elf:2    | Found a huge runed translucent gate.
 75940 | Elf:2    | Received a gift from Okawaru
 76117 | Elf:2    | Received a gift from Okawaru
 76385 | Elf:2    | Received a gift from Okawaru
 76521 | Elf:1    | Reached skill level 19 in Crossbows
 76740 | Elf:1    | Noticed Louise
 76779 | Elf:1    | Killed Louise
 77052 | Elf:1    | Cast into level 3 of the Abyss (a deep elf demonologist)
 77208 | Abyss:3  | Found a transporter.
 77352 | Abyss:3  | Found a transporter.
 77462 | Abyss:3  | Found a transporter.
 77467 | Abyss:3  | Got an abyssal rune of Zot
 77481 | Abyss:3  | Paralysed by accursed screaming for 1 turns
 77523 | Abyss:3  | Found a transporter.
 77542 | Abyss:3  | Reached XP level 26. HP: 142/206 MP: 36/38
 77610 | Elf:1    | Escaped the Abyss
 78304 | Elf:2    | Received a gift from Okawaru
 78719 | Elf:3    | Entered Level 3 of the Elven Halls
 79323 | Elf:3    | Identified the +3 scimitar of Nutiviche {freeze, rElec}
 79526 | Elf:3    | Identified Sif Muna's Grimoire of Earthen Malediction
 79543 | Elf:3    | Identified the cursed +1 plate armour of Wiatta Tatt {+Inv
                  | rElec rF+ rN+} (You found it on level 3 of the Elven Halls)
 80347 | Elf:3    | Found a portal to a secret trove of treasure.
 80401 | Elf:3    | Noticed Nikola
 80425 | Elf:3    | Killed Nikola
 81602 | Depths:4 | Received a gift from Okawaru
 81615 | Depths:4 | Identified the +13 crystal plate armour "Vualiv" {+Inv
                  | Int+5} (Okawaru gifted it to you on level 4 of the Depths)
 82459 | Depths:4 | Reached skill level 20 in Crossbows
 82739 | Depths:4 | Reached XP level 27. HP: 120/214 MP: 39/39
 83181 | Depths:4 | Noticed a juggernaut
 83252 | Depths:4 | Killed a juggernaut
 83540 | Depths:4 | Cast into level 4 of the Abyss (a lich)
 83863 | Abyss:4  | Received a gift from Okawaru
 84137 | Abyss:4  | Received a gift from Okawaru
 84141 | Depths:4 | Escaped the Abyss
 84427 | Depths:4 | Upgraded the game from 0.26-a0-52-gd53d4cd058 to
                  | 0.26-a0-54-g15ccc7ae60
 84467 | Depths:5 | Entered Level 5 of the Depths
 84995 | Depths:5 | Received a gift from Okawaru
 85721 | Depths:5 | Received a gift from Okawaru
 85821 | Depths:5 | Found a gate to the Realm of Zot.
 85827 | Zot:1    | Entered Level 1 of the Realm of Zot
 87107 | Zot:1    | Reached skill level 21 in Crossbows
 87378 | Zot:1    | Received a gift from Okawaru
 87481 | Zot:1    | Noticed an orb of fire
 87485 | Zot:1    | Gained mutation: You are weak. (Str -2) [an orb of fire]
 87505 | Zot:1    | Gained mutation: Your body sometimes deteriorates upon
                  | taking damage. [an orb of fire]
 87533 | Zot:1    | Killed an orb of fire
 87533 | Zot:1    | Received a gift from Okawaru
 87575 | Zot:1    | Lost mutation: Your body sometimes deteriorates upon taking
                  | damage. [potion of mutation]
 87575 | Zot:1    | Lost mutation: Your magical capacity is low. (-10% MP)
                  | [potion of mutation]
 87575 | Zot:1    | Lost mutation: You are weak. (Str -2) [potion of mutation]
 87575 | Zot:1    | Gained mutation: You expend magic power (3 MP) to
                  | strengthen your wands. [potion of mutation]
 87575 | Zot:1    | Gained mutation: Your flesh is heat resistant. (rF+)
                  | [potion of mutation]
 87760 | Zot:1    | Reached skill level 15 in Conjurations
 87760 | Zot:1    | Reached skill level 15 in Hexes
 87760 | Zot:1    | Reached skill level 15 in Charms
 87760 | Zot:1    | Reached skill level 15 in Summonings
 87760 | Zot:1    | Reached skill level 15 in Necromancy
 87760 | Zot:1    | Reached skill level 15 in Translocations
 87760 | Zot:1    | Reached skill level 15 in Transmutations
 87760 | Zot:1    | Reached skill level 15 in Fire Magic
 87760 | Zot:1    | Reached skill level 15 in Ice Magic
 87760 | Zot:1    | Reached skill level 15 in Air Magic
 87760 | Zot:1    | Reached skill level 15 in Earth Magic
 87760 | Zot:1    | Reached skill level 15 in Poison Magic
 87890 | Zot:1    | You fall into a shaft and drop 1 floor!
 89329 | Zot:2    | Received a gift from Okawaru
 89693 | Zot:2    | Received a gift from Okawaru
 89818 | Zot:2    | Noticed a juggernaut
 89871 | Zot:2    | Killed a juggernaut
 90517 | Zot:1    | Noticed an ancient lich
 90554 | Zot:1    | Received a gift from Okawaru
 90574 | Zot:1    | Killed an ancient lich
 90966 | Zot:1    | Reached skill level 22 in Crossbows
 91317 | Zot:1    | Identified the +7 dire flail of Medd {protect, rPois rF-
                  | rC+ MP+9} (Okawaru gifted it to you on level 1 of the Realm
                  | of Zot)
 91777 | Zot:3    | Received a gift from Okawaru
 91945 | Zot:3    | Noticed an orb of fire
 91958 | Zot:3    | Gained mutation: You occasionally shout uncontrollably at
                  | your foes. [an orb of fire]
 91968 | Zot:3    | Gained mutation: Scrolls take you a little longer to read.
                  | [an orb of fire]
 91996 | Zot:3    | Killed an orb of fire
 91997 | Zot:3    | Lost mutation: Scrolls take you a little longer to read.
                  | [potion of mutation]
 91997 | Zot:3    | Lost mutation: Your flesh is heat resistant. (rF+) [potion
                  | of mutation]
 91997 | Zot:3    | Lost mutation: You expend magic power (3 MP) to strengthen
                  | your wands. [potion of mutation]
 91997 | Zot:3    | Gained mutation: You are surrounded by a mild repulsion
                  | field. (EV +2) [potion of mutation]
 91997 | Zot:3    | Gained mutation: You are resistant to electric shocks.
                  | (rElec) [potion of mutation]
 91998 | Zot:3    | Lost mutation: You are resistant to electric shocks.
                  | (rElec) [potion of mutation]
 91998 | Zot:3    | Gained mutation: Your body sometimes deteriorates upon
                  | taking damage. [potion of mutation]
 91998 | Zot:3    | Gained mutation: You have large cloven feet. [potion of
                  | mutation]
 91999 | Zot:3    | Lost mutation: You have large cloven feet. [potion of
                  | mutation]
 91999 | Zot:3    | Lost mutation: Your body sometimes deteriorates upon taking
                  | damage. [potion of mutation]
 91999 | Zot:3    | Lost mutation: You occasionally shout uncontrollably at
                  | your foes. [potion of mutation]
 91999 | Zot:3    | Gained mutation: You have a pair of small antennae on your
                  | head. [potion of mutation]
 92000 | Zot:3    | Lost mutation: You have a pair of small antennae on your
                  | head. [potion of mutation]
 92000 | Zot:3    | Lost mutation: You are surrounded by a mild repulsion
                  | field. (EV +2) [potion of mutation]
 92000 | Zot:3    | Gained mutation: Your mind is acute. (Int +2) [potion of
                  | mutation]
 92000 | Zot:3    | Gained mutation: You have extremely sharp teeth. [potion of
                  | mutation]
 92000 | Zot:3    | Gained mutation: Your flesh is heat resistant. (rF+)
                  | [potion of mutation]
 92000 | Zot:3    | Gained mutation: You passively map a small area around you.
                  | [potion of mutation]
 92044 | Zot:3    | You fall into a shaft and drop 1 floor!
 92087 | Zot:4    | Received a gift from Okawaru
 93702 | Zot:5    | Entered Level 5 of the Realm of Zot
 94025 | Zot:5    | Noticed an orb of fire
 94205 | Zot:4    | Gained mutation: Your body sometimes deteriorates upon
                  | taking damage. [an orb of fire]
 94230 | Zot:4    | Killed an orb of fire
 94422 | Zot:5    | Noticed an orb of fire
 94423 | Zot:5    | Lost mutation: Your body sometimes deteriorates upon taking
                  | damage. [an orb of fire]
 94429 | Zot:5    | Noticed an orb of fire
 94430 | Zot:5    | Gained mutation: Potions are less effective at restoring
                  | your health. [an orb of fire]
 94432 | Zot:5    | Noticed an orb of fire
 94433 | Zot:5    | Gained mutation: Your body sometimes deteriorates upon
                  | taking damage. [an orb of fire]
 94433 | Zot:5    | Gained mutation: You occasionally shout uncontrollably at
                  | your foes. [an orb of fire]
 94472 | Zot:5    | Gained mutation: Your body often deteriorates upon taking
                  | damage. [an orb of fire]
 94498 | Zot:5    | Lost mutation: Your mind is acute. (Int +2) [an orb of
                  | fire]
 94501 | Zot:5    | Gained mutation: You are dopey. (Int -2) [an orb of fire]
 94505 | Zot:5    | Killed an orb of fire
 94538 | Zot:5    | Gained mutation: Scrolls take you a little longer to read.
                  | [an orb of fire]
 94542 | Zot:5    | Gained mutation: You sometimes yell uncontrollably at your
                  | foes. [an orb of fire]
 94566 | Zot:5    | Killed an orb of fire
 94577 | Zot:5    | Killed an orb of fire
 94577 | Zot:5    | Received a gift from Okawaru
 94580 | Zot:5    | Lost mutation: Potions are less effective at restoring your
                  | health. [potion of mutation]
 94580 | Zot:5    | Lost mutation: Scrolls take you a little longer to read.
                  | [potion of mutation]
 94580 | Zot:5    | Gained mutation: Your spells are a little harder to cast,
                  | but a little more powerful. [potion of mutation]
 94580 | Zot:5    | Gained mutation: You are robust. (+10% HP) [potion of
                  | mutation]
 94580 | Zot:5    | Gained mutation: You are surrounded by a mild repulsion
                  | field. (EV +2) [potion of mutation]
 94581 | Zot:5    | Lost mutation: Your body often deteriorates upon taking
                  | damage. [potion of mutation]
 94581 | Zot:5    | Lost mutation: You passively map a small area around you.
                  | [potion of mutation]
 94581 | Zot:5    | Gained mutation: You evolve. [potion of mutation]
 94582 | Zot:5    | Lost mutation: You are dopey. (Int -2) [potion of mutation]
 94582 | Zot:5    | Lost mutation: Your flesh is heat resistant. (rF+) [potion
                  | of mutation]
 94582 | Zot:5    | Lost mutation: You sometimes yell uncontrollably at your
                  | foes. [potion of mutation]
 94582 | Zot:5    | Gained mutation: Your spells are harder to cast, but more
                  | powerful. [potion of mutation]
 94688 | Zot:5    | Identified the +6 dire flail "Qurut" {vorpal, *Corrode
                  | +Rage SInv Stlth+} (Okawaru gifted it to you on level 5 of
                  | the Realm of Zot)
 94713 | Zot:5    | Noticed an ancient lich
 94730 | Zot:5    | Killed an ancient lich
 95367 | Zot:5    | Reached skill level 23 in Crossbows
 95726 | Zot:5    | Noticed an orb of fire
 95738 | Zot:5    | Lost mutation: You are robust. (+10% HP) [an orb of fire]
 95747 | Zot:5    | Gained mutation: You are clumsy. (Dex -2) [an orb of fire]
 95753 | Zot:5    | Gained mutation: Your body often deteriorates upon taking
                  | damage. [an orb of fire]
 95777 | Zot:5    | Killed an orb of fire
 95777 | Zot:5    | Received a gift from Okawaru
 95855 | Zot:5    | Noticed an ancient lich
 95867 | Zot:5    | Paralysed by an ancient lich for 7 turns
 95880 | Zot:5    | Killed an ancient lich
 95920 | Zot:5    | Noticed an ancient lich
 95927 | Zot:5    | Noticed an orb of fire
 95988 | Zot:5    | Killed an ancient lich
 96200 | Zot:5    | Killed an orb of fire
 96272 | Zot:5    | Received a gift from Okawaru
 96552 | Zot:5    | Received a gift from Okawaru
 96664 | Zot:5    | Identified a +1 pair of boots of running (Okawaru gifted it
                  | to you on level 5 of the Realm of Zot)
 96897 | Zot:5    | Got the Orb of Zot
 96919 | Zot:5    | Noticed Etuos the pandemonium lord
 96999 | Zot:5    | Killed from afar by a Hell Sentinel

Illustrated notes

Levels and vault maps discovered:
D:1:      lemuel_arrival_tunnels, layout_basic
D:2:      lemuel_upstairs_altar, layout_basic,
          nicolae_ru_great_annihilating_truth, uniq_jessica, uniq_sigmund
D:3:      minmay_octagon_keep, layout_loops_corners, elyvilon_altar_3,
          serial_glass, glass_columns_c, glass_columns_b, glass_columns_a,
          minmay_strange_pillars, uniq_grinder
D:4:      layout_basic, old_standard_altar, grunt_ministairs_5
D:5:      layout_loops_corners, lemuel_crystal_altar, marbit_many_paths,
          gammafunk_temple_overflow_elements, first_ration, nrook_campfire,
          uniq_edmund, uniq_duvessa, uniq_prince_ribbit1
D:6:      layout_loops_ring, kennysheep_little_box, lemuel_temple_firewalk_b,
          fedhas_altar_fruit_tree, uniq_eustachio
D:7:      layout_rooms, nicolae_dithmenos_shadow_blocks, lemuel_round_altar
D:8:      cheibrodos_grave_circle, layout_basic, cheibriados_altar_1,
          gammafunk_temple_overflow_statue, serial_shops, kennysheep_mini, shop,
          gammafunk_ghost_hive
D:9:      layout_gridville, grunt_lair_entry_orc_guard_hut
D:10:     layout_basic
D:11:     layout_roguey, portal_ice_cave_entry_pillars_2
D:12:     layout_long_grid, orc_0_dummy
D:13:     layout_stronghold, david_vaults_2, biasface_ghost_orc_armoury,
          blue_anna_alchemist [blue_anna_fruit_fields, blue_anna_fruit_fields],
          nicolae_ashenzari_panopticon
D:14:     layout_roguey, serial_bayou_pond_e, uniq_roxanne
D:15:     grunt_enter_depths_hoard, layout_loops_cross, serial_ice,
          serial_ice_n, serial_ice_i, serial_ice_o, serial_ice_d,
          minmay_guarded_unrand_skullcrusher
Temple:   compressed_dpeg_triangle_lava_temple
Lair:1:   minmay_lair_venomous_thicket, layout_regular_city,
          minmay_lair_oklob_bushes, kennysheep_abandoned_house, uniq_maggie
Lair:2:   layout_roguey, shoals_dummy_entry, enter_volcano_1,
          lemuel_old_faithful, serial_bayou_shore_b, minmay_lair_oklob_chamber
Lair:3:   layout_small_grid, minmay_snake_entry_guardpost_small,
          gammafunk_ghost_ooze, beast_lair_carwin_5, serial_bayou_shore_b
Lair:4:   layout_loops_ring, uniq_rupert, uniq_nergalle
Lair:5:   cheibrodos_lair_river_kwai, layout_small_grid,
          minmay_slime_entry_oklob_enclosed, grunt_forest_stairs_basic
Shoals:1: layout_shoals, serial_shops,
          nicolae_shop_temple_entry_statues_fountains, uniq_frances
Shoals:2: layout_shoals, uniq_ilsuiw
Shoals:3: layout_shoals, nicolae_shoals_hunting_party
Shoals:4: shoals_end_grunt_garden, layout_shoals, serial_shops, shop
Snake:1:  layout_misc_corridors, nicolae_snake_serpentine_hallways,
          corexii_hall_statues_i, grunt_ministairs_7, nicolae_snake_springs,
          lemuel_fruit_tree, grunt_megastairs_2, uniq_donald
Snake:2:  layout_layer_cave
Snake:3:  gammafunk_sealed_library, layout_misc_corridors, st_stairs_5,
          hangedman_snake_corridor_cut
Snake:4:  minmay_snake_end_coiled, layout_cave_town, minmay_snake_pond
Orc:1:    nicolae_orc_accident_2, layout_caves, serial_shops,
          nicolae_shop_temple_entry_statues_fountains, uniq_urug
Orc:2:    kennysheep_orc_mage_school, layout_diamond_mine, serial_shops,
          nicolae_shop_temple_entry_statues_fountains, nicolae_orc_tapped_out,
          uniq_erolcha, uniq_saint_roka
Elf:1:    minmay_elf_arrival_summoners, layout_rooms, hangedman_elf_represent,
          minmay_misc_feat_pillars, uniq_louise
Elf:2:    layout_geoelf_diagonals
Elf:3:    elf_hall, layout_geoelf_octagon, nicolae_trove_entry_path_of_doom,
          special_room [special_room_orc], uniq_nikola
Vaults:1: vaults_room_hallway, v_misc_32, ontoclasm_vaults_claustrophobia,
          v_misc_10, ontoclasm_vaults_tryst,
          vaults_standard_mumra_enter_the_diamond, v_misc_15, v_alt_pattern_2,
          ontoclasm_vaults_twist, vaults_standard_mumra_lines,
          layout_vaults_omnigrid
Vaults:2: dpeg_vaults_monster_row, v_misc_2, ontoclasm_vaults_ring_large,
          vaults_room_large_hall, minmay_crypt_entry_necro_gods,
          nicolae_vaults_big_angled_halls, nicolae_vaults_shelves_hall,
          nicolae_vaults_ring_of_whatevers, ontoclasm_vaults_misaligned,
          v_misc_28, vaults_room_semicircle, grunt_vaults_hallway_short,
          grunt_vaults_focal, st_lines, ontoclasm_vaults_eye, layout_vaults_maze
Vaults:3: nicolae_vaults_network_square, vaults_mumra_chevron,
          nicolae_vaults_alarming, vaults_dpeg_encased_lava,
          vaults_room_corners, hangedman_vaults_slice, vaults_dpeg_diagonal,
          vaults_room_fours, layout_vaults_ring
Vaults:4: ploomutoo_gammafunk_vaults_ghost_potion_laboratory,
          nicolae_vaults_hallways_thing, ontoclasm_vaults_shout,
          grunt_vaults_swirl, v_misc_29, v_misc_1, v_misc_24,
          ontoclasm_vaults_loading_screen, hangedman_vaults_maws, v_misc_22,
          v_misc_19, nicolae_vaults_little_squares_2, layout_vaults_omnicross
Vaults:5: uniq_bai_suzhen
Depths:1: layout_twisted_cross, enter_ziggurat_a, abyss_entry,
          grunt_hell_entry_dis_grunt, grunt_pan_entry_sceptre,
          hangedman_decor_riveting, nrook_loot_triangle, kb_rosetta
Depths:2: minmay_the_grid_4x2 [minmay_the_grid_stretched_grid,
          minmay_the_grid_broken_lines, minmay_the_grid_pillar_ring,
          minmay_the_grid_dragon_b, minmay_the_grid_eight,
          minmay_the_grid_slots, minmay_the_grid_large_cup,
          minmay_the_grid_prize_inner_circle], layout_cave_pools,
          lightli_too_deep, hangedman_abyss_or_decor_stabs
Depths:3: wander_protected_by_tso, layout_small_grid, hell_entry,
          mu_enter_wizlab_4, grunt_pan_entry_spiral, serial_bayou_lake_a,
          uniq_mennas
Depths:4: grunt_runaround [grunt_runaround_doors_1, grunt_runaround_doors_2,
          grunt_runaround_doors_3, grunt_runaround_doors_4,
          grunt_runaround_loot], abyss_entry, hell_entry
Depths:5: evilmike_zot_entry_gauntlet, layout_basic,
          minmay_misc_feat_four_crosses, abyss_entry_crystal, hell_entry,
          lemuel_freeze_loot_1
Zot:1:    layout_gridlike, hangedman_player_shredder
Zot:2:    ebering_greatest_show_in_zot, layout_misc_corridors,
          st_large_dragon_hoard_3
Zot:3:    layout_basic
Zot:4:    layout_concentric_octagons, st_large_dragon_hoard_4
Zot:5:    layout_twisted_circle

Skill      XL: |  1  2  3  4  5  6  7  8  9 10 11 12 13 14 15 16 17 18 19 20 21 22 23 24 25 26 27 |
---------------+----------------------------------------------------------------------------------+-----
Short Blades   | 1 2 3 4 5 6 7 8 9 10 11 12 13 14 15 16 19 | 19.0
Long Blades    | 1 2 3 4 5 6 7 8 9 10 11 12 13 14 15 16 19 | 19.0
Axes           | 1 2 3 4 5 6 7 8 9 10 11 12 13 14 15 16 19 | 19.0
Maces & Flails | 1 2 3 4 5 6 7 8 9 10 11 12 13 14 15 16 19 | 19.0
Polearms       | 1 2 3 4 5 6 7 8 9 10 11 12 13 14 15 16 19 | 19.0
Slings         | 1 2 3 4 5 6 7 8 9 10 11 12 13 14 15 16 19 | 19.0
Crossbows      | 1 2 3 4 5 6 7 8 9 10 11 13 14 15 16 17 18 19 20 23 | 23.5
Unarmed Combat | 1 2 3 4 5 6 7 8 9 10 11 12 13 14 15 16 19 | 19.0
Spellcasting   | 1 2 3 4 5 6 7 8 9 10 11 12 13 14 15 16 19 | 19.0
Invocations    | 1 2 3 4 5 6 7 8 9 10 11 12 13 14 15 16 17 20 | 20.4
Evocations     | 1 2 3 4 5 6 7 8 9 10 11 12 13 14 15 16 19 | 19.0
Conjurations   | 1 2 3 4 5 6 7 8 9 10 11 12 13 14 16 | 16.4
Hexes          | 1 2 3 4 5 6 7 8 9 10 11 12 13 14 16 | 16.4
Charms         | 1 2 3 4 5 6 7 8 9 10 11 12 13 14 16 | 16.4
Summonings     | 1 2 3 4 5 6 7 8 9 10 11 12 13 14 16 | 16.4
Necromancy     | 1 2 3 4 5 6 7 8 9 10 11 12 13 14 16 | 16.4
Translocations | 1 2 3 4 5 6 7 8 9 10 11 12 13 14 16 | 16.4
Transmutations | 1 2 3 4 5 6 7 8 9 10 11 12 13 14 16 | 16.4
Fire Magic     | 1 2 3 4 5 6 7 8 9 10 11 12 13 14 16 | 16.4
Ice Magic      | 1 2 3 4 5 6 7 8 9 10 11 12 13 14 16 | 16.4
Air Magic      | 1 2 3 4 5 6 7 8 9 10 11 12 13 14 16 | 16.4
Earth Magic    | 1 2 3 4 5 6 7 8 9 10 11 12 13 14 16 | 16.4
Poison Magic   | 1 2 3 4 5 6 7 8 9 10 11 12 13 14 16 | 16.4
Staves         | 3 4 5 6 7 8 9 10 11 12 13 14 15 16 19 | 19.1
Throwing       | 3 4 5 6 7 8 9 10 11 12 13 14 15 16 19 | 19.1
Armour         | 3 4 5 6 7 8 9 10 11 12 13 15 16 17 18 19 22 | 22.8
Dodging        | 3 4 5 6 7 8 9 10 11 12 13 14 15 16 19 | 19.1
Shields        | 3 4 5 6 7 8 9 10 11 12 13 14 15 16 19 | 19.1
Stealth        | 3 4 5 6 7 8 9 10 11 12 13 14 15 16 19 | 19.1
Fighting       | 5 6 7 8 9 10 11 12 13 14 15 16 17 19 | 19.4
Bows           | 5 6 7 8 9 10 11 12 13 14 15 16 17 19 | 19.4

Action                   |  1- 3 |  4- 6 |  7- 9 | 10-12 | 13-15 | 16-18 | 19-21 | 22-24 | 25-27 || total
-------------------------+-------+-------+-------+-------+-------+-------+-------+-------+-------++-------
Melee: Quarterstaff      |       |       |   396 |   822 |   113 |       |       |       |       ||  1331
       Bite              |       |       |    41 |   101 |   559 |   508 |   818 |   607 |  1827 ||  4461
       Quick blade       |       |       |       |       |  2678 |  2383 |  3042 |  2180 |  7118 || 17401
       Punch             |       |       |       |       |     3 |       |       |       |       ||     3
 Fire: Shortbow          |   109 |   140 |   163 |   179 |       |       |       |       |       ||   591
       Hand crossbow     |       |       |       |       |   283 |   605 |   538 |   332 |  1562 ||  3320
 Cast: Fireball          |       |       |       |       |       |       |    31 |    24 |   112 ||   167
       Swiftness         |       |       |       |       |       |       |     1 |       |     2 ||     3
Invok: Heroism           |       |       |       |     4 |    11 |     6 |    11 |     8 |    40 ||    80
       Finesse           |       |       |       |       |     8 |     2 |     5 |     5 |    27 ||    47
 Abil: Stop Flying       |       |       |       |     1 |       |       |       |       |       ||     1
       Evoke Blink       |       |       |       |       |     2 |     3 |     1 |     2 |     1 ||     9
Evoke: Wand              |       |     7 |     8 |     8 |    15 |    10 |    10 |     2 |     1 ||    61
  Use: Potion            |     2 |     3 |     4 |     7 |     9 |     3 |     2 |     2 |    20 ||    52
       Scroll            |       |       |    15 |    15 |    13 |    11 |    17 |    12 |    36 ||   119
 Stab: Sleeping          |       |       |     2 |       |     1 |       |       |     2 |       ||     5
       Distracted        |       |       |     1 |       |     2 |       |       |       |     3 ||     6
       Invisible         |       |       |       |     3 |       |       |       |       |       ||     3
       Paralysed         |       |       |       |     5 |       |       |       |       |       ||     5
  Eat: Chunk             |     1 |     3 |    19 |    27 |    46 |    35 |    33 |    25 |    52 ||   241
       Ration            |       |       |       |     3 |     5 |     3 |     3 |     1 |     8 ||    23
Armor: Scale mail        |    34 |    27 |   147 |    62 |       |       |       |       |       ||   270
       Skin              |       |       |    16 |    49 |       |       |       |       |       ||    65
       Chain mail        |       |       |       |   368 |   368 |       |       |       |       ||   736
       Plate armour      |       |       |       |       |   105 |   381 |   568 |   203 |       ||  1257
       Gold dragon scale |       |       |       |       |       |       |       |   191 |  1476 ||  1667
Dodge: Dodged            |    55 |    44 |   274 |   552 |   452 |   569 |   763 |   600 |  1636 ||  4945
Block: Kite shield       |       |       |       |       |   838 |  1066 |  1145 |   948 |  2893 ||  6890
       Reflection        |       |       |       |       |     3 |    30 |       |       |       ||    33

Table legend:
 A = Non-vault XP
 B = Vault XP
 C = Vault XP percentage of total XP
 D = Non-vault monster count
 E = Vault monster count
 F = Vault count percentage of total count
                 A         B        C        D         E       F
            +---------+---------+-------+---------+---------+-------
      Total |  879068 |  974821 |  52.6 |    1526 |    1011 |  39.9
            +---------+---------+-------+---------+---------+-------
        D:1 |      15 |       0 |   0.0 |       8 |       0 |   0.0
        D:2 |     142 |     198 |  58.2 |      30 |       6 |  16.7
        D:3 |      95 |     298 |  75.8 |      27 |      14 |  34.1
        D:4 |     283 |      12 |   4.1 |      21 |       1 |   4.5
        D:5 |     703 |     589 |  45.6 |      21 |       4 |  16.0
        D:6 |     542 |     197 |  26.7 |      14 |       1 |   6.7
        D:7 |    1124 |       0 |   0.0 |      32 |       0 |   0.0
        D:8 |     482 |    3519 |  88.0 |      13 |      15 |  53.6
        D:9 |     520 |     130 |  20.0 |      11 |       1 |   8.3
       D:10 |    1721 |       0 |   0.0 |      29 |       0 |   0.0
       D:11 |    2667 |       0 |   0.0 |      29 |       0 |   0.0
       D:12 |   11101 |       0 |   0.0 |      53 |       0 |   0.0
       D:13 |    4821 |    3653 |  43.1 |      18 |      19 |  51.4
       D:14 |   15748 |    2650 |  14.4 |      41 |       6 |  12.8
       D:15 |   14030 |    7618 |  35.2 |      43 |      32 |  42.7
     Lair:1 |    3946 |    3023 |  43.4 |      17 |      30 |  63.8
     Lair:2 |    4586 |     580 |  11.2 |      19 |       1 |   5.0
     Lair:3 |    3358 |    3431 |  50.5 |      25 |      16 |  39.0
     Lair:4 |    3981 |    3718 |  48.3 |      13 |       2 |  13.3
     Lair:5 |    9690 |    4006 |  29.2 |      33 |       8 |  19.5
   Shoals:1 |   10453 |    2272 |  17.9 |      29 |       1 |   3.3
   Shoals:2 |   13155 |    3191 |  19.5 |      26 |       4 |  13.3
   Shoals:3 |   19289 |    5677 |  22.7 |      36 |      10 |  21.7
   Shoals:4 |    5912 |   23490 |  79.9 |      12 |      33 |  73.3
    Snake:1 |    7336 |   11728 |  61.5 |      15 |      26 |  63.4
    Snake:2 |   16843 |       0 |   0.0 |      25 |       0 |   0.0
    Snake:3 |   27609 |   18563 |  40.2 |      41 |      32 |  43.8
    Snake:4 |   18414 |   26098 |  58.6 |      37 |      55 |  59.8
      Orc:1 |    1261 |    2089 |  62.4 |      17 |      16 |  48.5
      Orc:2 |    2659 |   13008 |  83.0 |      31 |      39 |  55.7
      Elf:1 |   22278 |   10462 |  32.0 |      35 |      13 |  27.1
      Elf:2 |   15189 |   28323 |  65.1 |      29 |      31 |  51.7
      Elf:3 |   10727 |   44530 |  80.6 |      18 |      50 |  73.5
   Vaults:1 |   36196 |    9926 |  21.5 |      71 |      18 |  20.2
   Vaults:2 |   22461 |   28515 |  55.9 |      48 |      35 |  42.2
   Vaults:3 |   38755 |    6747 |  14.8 |      58 |       9 |  13.4
   Vaults:4 |   56878 |   55723 |  49.5 |      77 |      50 |  39.4
   Vaults:5 |   23985 |  115955 |  82.9 |      29 |      83 |  74.1
   Depths:1 |   46011 |    4841 |   9.5 |      64 |       6 |   8.6
   Depths:2 |   31595 |   36139 |  53.4 |      40 |      27 |  40.3
   Depths:3 |   30595 |   13392 |  30.4 |      35 |      16 |  31.4
   Depths:4 |       0 |  118885 | 100.0 |       0 |     101 | 100.0
   Depths:5 |   51256 |   22319 |  30.3 |      49 |      20 |  29.0
      Zot:1 |   68202 |   47918 |  41.3 |      36 |      18 |  33.3
      Zot:2 |   57735 |   61081 |  51.4 |      35 |      26 |  42.6
      Zot:3 |   33430 |       0 |   0.0 |      17 |       0 |   0.0
      Zot:4 |   36349 |   59295 |  62.0 |      20 |      26 |  56.5
      Zot:5 |   64655 |  137125 |  68.0 |      39 |      33 |  45.8
    Abyss:3 |   12552 |   17690 |  58.5 |      23 |      19 |  45.2
    Abyss:4 |   17733 |       0 |   0.0 |      37 |       0 |   0.0
      IceCv |       0 |   14242 | 100.0 |       0 |      54 | 100.0
    Volcano |       0 |     792 | 100.0 |       0 |       3 | 100.0
     WizLab |       0 |    1183 | 100.0 |       0 |       1 | 100.0
            +---------+---------+-------+---------+---------+-------
